Map: Aura de mort EC

Players

AqueroN

  • Race: Terran Terran
  • League: Grandmaster
  • Spawn Location: 5:00

llllllllllll - Winner!

  • Race: Protoss Protoss
  • League: Master
  • Spawn Location: 11:00

VOD

Have the link to the VOD?

Description

Time

  • Played on: Feb. 8, 2021, 4:09 p.m.
  • Length: 8:43
Show
View Real Time Build Order
Export as new Build Order

AqueroN Terran 

Build Orders: Reaper Expand 

Get SALT Encoding   

  12  0:00  SCV  
  13  0:12  SCV  
  14  0:16  Supply Depot  
  14  0:24  SCV  
  15  0:38  SCV  
  15  0:39  Barracks  
  16  0:43  Refinery  
  16  0:50  SCV  
  17  1:02  SCV  
  18  1:14  SCV  
  19  1:28  Reaper, Orbital Command  
  20  1:42  Command Center  
  20  1:50  Supply Depot  
  20  1:57  SCV  
  20  2:00  Marine  
  22  2:09  SCV  
  22  2:11  Factory  
  23  2:17  Bunker  
  23  2:18  Marine  
  23  2:21  SCV  
  25  2:30  Refinery  
  25  2:33  SCV  
  26  2:37  Barracks Reactor  
  26  2:45  SCV  
  27  2:55  Orbital Command  
  27  2:57  Starport, SCV  
  28  2:59  Hellion  
  28  3:02  Orbital Command  
  30  3:09  SCV  
  31  3:13  Marine  
  31  3:14  Marine  
  33  3:21  SCV  
  33  3:22  Factory Tech Lab  
  33  3:25  Supply Depot  
  34  3:27  SCV  
  34  3:32  Marine x2  
  34  3:33  SCV  
  38  3:38  Barracks  
  38  3:40  SCV  
  39  3:46  SCV  
  39  3:47  Raven  
  42  3:50  Marine x2  
  42  3:52  SCV  
  45  3:58  Factory Tech Lab, SCV  
  45  4:00  Barracks  
  46  4:04  Supply Depot, SCV  
  46  4:08  Refinery  
  46  4:09  Marine  
  48  4:10  Marine  
  48  4:11  SCV  
  48  4:16  SCV  
  51  4:23  SCV  
  52  4:27  Engineering Bay  
  52  4:28  SCV  
  52  4:31  Marine x2  
  54  4:32  Supply Depot  
  54  4:34  Factory Reactor  
  54  4:35  SCV  
  56  4:40  SCV  
  57  4:50  Marine, Stimpack  
  57  4:52  Viking  
  57  4:57  Missile Turret  
  57  4:58  Marine x2  
  57  4:59  Marine  
  59  5:03  SCV x2  
  60  5:07  Supply Depot  
  60  5:10  Supply Depot  
  60  5:11  Supply Depot  
  60  5:14  Combat Shield  
  60  5:17  Terran Infantry Weapons Level 1  
  60  5:24  Supply Depot  
  60  5:29  Marine  
  60  5:30  Marine  
  60  5:32  Marauder  
  64  5:37  Marauder  
  65  5:49  Marine x2  
  67  5:52  SCV x2  
  67  5:56  Supply Depot  
  69  5:58  Medivac x2  
  69  5:59  Marauder x2  
  69  6:04  SCV x2  
  79  6:06  Factory Reactor  
  79  6:10  Marine x2  
  81  6:11  Supply Depot  
  81  6:12  Supply Depot  
  81  6:16  SCV x2  
  83  6:20  Marauder  
  83  6:21  Marauder  
  87  6:28  Missile Turret  
  87  6:29  Marine x2  
  89  6:39  Concussive Shells  
  90  6:40  Command Center, SCV x2  
  90  6:43  Marauder x2  
  95  6:47  Marine x2  
  95  6:50  Widow Mine x2  
  101  6:54  SCV x2  
  103  7:04  Marauder x2  
  96  7:17  Medivac x2  
  96  7:18  Marine x2  
  96  7:20  Barracks x2  
  92  7:24  SCV x2  
  92  7:26  Widow Mine x2, Marauder x2  
  102  7:36  SCV x2  
  104  7:41  Marine x2  
  106  7:47  Supply Depot, Marauder x2  
  106  7:48  Supply Depot  
  106  7:51  Refinery  
  110  7:52  Widow Mine x2  
  110  7:58  Supply Depot, SCV x2  
  114  8:02  Medivac  
  114  8:03  Marine x2  
  114  8:04  Medivac  
  122  8:10  SCV  
  122  8:11  SCV  
  117  8:19  Marine, Marauder x2  
  116  8:20  Marine  
Show
View Real Time Build Order
Export as new Build Order

llllllllllll Protoss - Winner!

Build Orders: 1 Gate Expand, Zealot Archon, Archon Drop, Colossus Rush, Dark Templar Rush 

Get SALT Encoding   

  12  0:00  Probe  
  13  0:12  Probe  
  14  0:19  Pylon  
  14  0:24  Probe (Chrono Boost)  
  15  0:38  Gateway, Probe (Chrono Boost)  
  16  0:46  Probe (Chrono Boost)  
  16  0:47  Assimilator  
  17  0:52  Probe  
  18  1:04  Probe  
  19  1:16  Probe  
  20  1:22  Nexus  
  20  1:32  Cybernetics Core  
  20  1:36  Probe  
  21  1:41  Assimilator  
  21  1:48  Probe  
  21  1:52  Pylon  
  22  2:00  Probe  
  23  2:07  Stalker (Chrono Boost)  
  23  2:09  Warp Gate  
  23  2:12  Probe  
  26  2:25  Twilight Council  
  26  2:26  Probe (Chrono Boost)  
  27  2:34  Adept  
  27  2:35  Probe (Chrono Boost)  
  30  2:38  Probe (Chrono Boost)  
  32  2:44  Probe (Chrono Boost)  
  32  2:45  Probe (Chrono Boost)  
  32  2:50  Robotics Facility  
  33  2:52  Probe  
  33  2:53  Probe  
  35  3:04  Probe  
  36  3:06  Probe  
  36  3:11  Dark Shrine  
  37  3:16  Probe (Chrono Boost)  
  39  3:21  Gateway  
  39  3:23  Probe (Chrono Boost)  
  39  3:25  Gateway  
  40  3:27  Probe (Chrono Boost)  
  40  3:31  Probe x2 (Chrono Boost)  
  42  3:36  Warp Prism (Chrono Boost)  
  44  3:42  Probe, Pylon  
  44  3:45  Probe  
  46  3:50  Assimilator  
  46  3:52  Assimilator  
  46  4:00  Probe x2  
  48  4:03  Pylon  
  48  4:12  Probe x2  
  50  4:19  Pylon  
  50  4:24  Probe  
  51  4:25  Dark Templar x3  
  57  4:32  Robotics Bay  
  57  4:34  Pylon  
  57  4:44  Observer  
  58  4:48  Probe  
  58  4:50  Nexus  
  60  4:52  Probe  
  60  5:00  Probe  
  60  5:04  Probe  
  63  5:10  Pylon  
  63  5:13  Probe  
  64  5:16  Dark Templar x2  
  64  5:17  Colossus (Chrono Boost)  
  64  5:18  Probe  
  64  5:21  Archon x2  
  74  5:33  Probe  
  73  5:35  Probe  
  74  5:46  Probe  
  74  5:48  Extended Thermal Lance  
  74  5:49  Probe  
  74  5:58  Shield Battery, Probe  
  74  5:59  Colossus (Chrono Boost)  
  74  6:01  Probe  
  74  6:02  Forge  
  74  6:03  Gateway, Probe  
  83  6:04  Charge  
  83  6:06  Gateway  
  83  6:09  Gateway  
  83  6:10  Probe  
  84  6:13  Probe  
  84  6:16  Sentry, Zealot x2  
  91  6:21  Gateway  
  91  6:23  Gateway  
  91  6:25  Pylon, Probe  
  91  6:33  Protoss Ground Weapons Level 1 (Chrono Boost)  
  91  6:35  Warp Prism (Chrono Boost)  
  91  6:36  Probe x2  
  91  6:37  Assimilator  
  95  6:40  Assimilator  
  95  6:43  Zealot  
  95  6:44  Zealot  
  95  6:45  Sentry  
  95  6:46  Probe  
  102  6:50  Pylon  
  102  6:53  Probe x2  
  104  6:58  Probe  
  104  7:00  Zealot x2  
  108  7:03  Pylon  
  108  7:06  Pylon  
  108  7:07  Pylon  
  97  7:16  Zealot x5  
  97  7:19  Probe x2  
  97  7:21  Probe  
  101  7:31  Probe  
  101  7:32  Probe  
  101  7:36  Zealot x5  
  101  7:37  Probe  
  114  7:43  Sentry, Zealot x2  
  120  7:53  Observer  
  120  7:56  Dark Templar x3  
  120  7:57  Dark Templar  
  120  7:58  Zealot  
  131  8:01  Archon x2, Pylon  
  131  8:05  Nexus  
  127  8:17  Zealot x2  
  127  8:18  Zealot  
  111  8:39  Zealot x7  
  111  8:40  Zealot  
Tags
 
Add a new tag
Caveats
  • Supply blocks, unpowered buildings, or Contaminate may cause inaccurate times.
  • Supply counts are checked every 10 seconds.